Map: Odyssey LE

Players

Juxtapose - Winner!

  • Race: Zerg Zerg
  • Spawn Location: 5:00

CrazyGoLucky

  • Race: Terran Terran
  • League: Platinum
  • Spawn Location: 11:00

VOD

https://youtu.be/W-Z_mlO64R8

Description

Generally speaking, I'm feeling very comfortable with Zerg now, which is great seeing as how they're my favourite Race.

I'm also consistently beating Gold level opponents with them and taking some close matches.

This match was a fun one, and one I shouted out loud "Unbelievable!" at its end. Why? You'll need to watch to find out.

Time

  • Played on: May 28, 2017, 4:54 p.m.
  • Length: 12:42
Show
View Real Time Build Order
Export as new Build Order

Juxtapose Zerg - Winner!

Build Orders: Pool First 

Get SALT Encoding   

  12  0:01  Drone  
  13  0:13  Overlord  
  13  0:19  Drone  
  14  0:33  Drone  
  15  0:39  Spawning Pool  
  15  0:42  Drone  
  15  0:49  Drone  
  16  0:58  Drone  
  17  1:05  Extractor  
  17  1:06  Drone  
  17  1:24  Drone x2  
  19  1:36  Hatchery, Queen  
  19  1:38  Zergling x2  
  21  1:51  Drone  
  21  1:53  Overlord  
  22  1:56  Extractor  
  21  2:10  Drone  
  22  2:21  Metabolic Boost  
  22  2:35  Zergling x2  
  22  2:36  Zergling x2, Overlord  
  24  3:08  Evolution Chamber  
  24  3:10  Drone x2  
  25  3:15  Drone  
  25  3:16  Drone x2  
  25  3:18  Drone x2  
  30  3:40  Drone  
  30  3:41  Drone x4  
  35  3:44  Queen  
  37  3:49  Spore Crawler  
  37  3:51  Spore Crawler  
  37  3:54  Spore Crawler  
  34  3:57  Spore Crawler  
  34  3:59  Drone x2  
  35  4:08  Lair  
  35  4:10  Zerg Melee Weapons Level 1  
  35  4:14  Drone x3  
  38  4:31  Pneumatized Carapace  
  38  4:35  Drone x3  
  38  4:36  Drone  
  38  4:38  Overlord  
  42  4:39  Drone  
  43  4:51  Zergling x2  
  43  4:52  Overlord  
  44  4:57  Drone x3  
  44  4:58  Drone  
  48  5:05  Queen  
  50  5:09  Infestation Pit  
  50  5:14  Queen  
  51  5:38  Drone  
  51  5:39  Drone x3  
  55  5:44  Extractor  
  55  5:46  Extractor  
  55  5:49  Hive  
  53  5:54  Pathogen Glands  
  53  6:04  Zerg Ground Armor Level 1  
  53  6:23  Drone  
  53  6:24  Drone  
  55  6:26  Zergling x8  
  55  6:29  Zergling x2  
  55  6:30  Overlord x2  
  55  6:31  Overlord  
  60  6:45  Spire  
  59  6:50  Neural Parasite  
  59  7:15  Hatchery  
  59  7:16  Ultralisk Cavern  
  59  7:18  Overseer x3  
  57  7:24  Adrenal Glands  
  55  7:41  Zergling x6  
  55  7:44  Zergling x10  
  48  8:04  Ultralisk  
  48  8:05  Ultralisk x2  
  56  8:07  Zergling x6  
  56  8:08  Zergling x4  
  55  8:18  Queen  
  40  8:34  Spine Crawler  
  40  8:39  Spine Crawler  
  38  8:47  Chitinous Plating  
  38  8:54  Queen  
  40  9:12  Ultralisk  
  46  9:25  Drone x3  
  46  9:28  Queen  
  51  9:50  Ultralisk  
  57  10:02  Drone  
  57  10:04  Queen  
  60  10:10  Extractor  
  59  10:17  Infestor  
  61  10:39  Drone x2  
  61  10:40  Drone x4  
  54  11:12  Ultralisk x2  
  66  11:27  Queen  
  68  11:33  Drone x3  
  71  11:47  Overlord x4  
  71  11:57  Hatchery  
  70  12:03  Queen  
  72  12:11  Overseer x2  
Show
View Real Time Build Order
Export as new Build Order

CrazyGoLucky Terran 

Build Orders: MMM Bio 

Get SALT Encoding   

  12  0:04  SCV  
  13  0:17  SCV  
  14  0:22  Supply Depot  
  14  0:29  SCV  
  15  0:43  SCV  
  15  0:46  Barracks  
  16  0:56  SCV  
  17  1:00  Refinery  
  17  1:08  SCV  
  18  1:20  SCV  
  19  1:33  SCV  
  19  1:34  Supply Depot  
  19  1:36  Marine  
  22  1:49  Orbital Command  
  21  1:54  Marine  
  22  2:11  Factory  
  22  2:16  SCV  
  23  2:28  Barracks Reactor  
  23  2:32  Barracks Tech Lab  
  23  2:37  Command Center  
  23  2:39  SCV  
  24  3:01  Refinery  
  24  3:03  SCV  
  25  3:14  Combat Shields  
  25  3:15  SCV  
  25  3:17  Factory Tech Lab  
  26  3:28  SCV  
  26  3:31  Marine  
  28  3:41  Starport  
  28  3:48  Hellion  
  30  3:54  Orbital Command  
  30  3:56  SCV  
  30  3:58  Marine  
  32  4:07  Infernal Pre-Igniter  
  32  4:15  Barracks, SCV  
  32  4:16  Marine  
  34  4:18  Barracks  
  34  4:19  Hellion  
  36  4:37  Orbital Command  
  36  4:41  Marine  
  36  4:42  Hellion  
  39  4:52  Starport Reactor  
  39  4:55  SCV  
  40  5:01  Marine  
  40  5:04  Barracks Reactor  
  40  5:05  Barracks Reactor  
  41  5:12  SCV x2  
  43  5:22  Marauder  
  43  5:26  Stimpack  
  45  5:34  SCV  
  46  5:55  Supply Depot  
  46  5:57  Supply Depot x3  
  46  5:58  Supply Depot  
  46  6:16  SCV, Marine x2, Medivac  
  46  6:17  Hellion, SCV  
  46  6:18  Marine x2, Medivac  
  54  6:19  Marauder  
  54  6:21  Supply Depot  
  60  6:28  Supply Depot  
  60  6:29  SCV x2  
  62  6:36  Marine x4  
  62  6:39  Hellion  
  68  6:40  Marauder  
  68  6:45  Supply Depot  
  70  6:51  Supply Depot  
  70  6:52  SCV x2  
  72  7:00  Marine x4  
  76  7:02  Marauder  
  76  7:04  Hellion, Medivac x2  
  84  7:09  Supply Depot  
  84  7:11  SCV x2  
  84  7:15  Supply Depot  
  86  7:17  Command Center  
  86  7:19  Marine  
  86  7:20  Marine x3  
  90  7:24  Marauder  
  90  7:25  Hellion  
  90  7:28  SCV  
  90  7:29  SCV  
  96  7:32  Supply Depot  
  96  7:34  Medivac  
  90  7:40  Supply Depot  
  88  7:54  SCV x2  
  88  8:02  Marine x3  
  88  8:03  Marine x2  
  88  8:05  Hellion, Medivac  
  93  8:06  Medivac  
  96  8:20  Marine x4  
  96  8:21  Marauder  
  91  8:40  SCV  
  91  8:41  SCV  
  93  8:42  Engineering Bay x2, Marauder  
  95  8:51  Orbital Command  
  95  8:59  SCV x2  
  95  9:00  Marine x4  
  95  9:02  Hellion  
  95  9:03  Medivac x2  
  95  9:04  Marauder  
  75  9:32  Supply Depot  
  75  9:34  Supply Depot  
  75  9:38  Terran Infantry Armor Level 1, Terran Infantry Weapons Level 1  
  75  9:59  Supply Depot x2  
  75  10:04  Orbital Command  
  75  10:10  Marine x4  
  75  10:11  Marauder  
  75  10:12  Hellion  
  75  10:13  Medivac x2  
  87  10:28  Marine x4  
  89  10:32  Marine  
  89  10:33  Hellion  
  94  10:43  Medivac x2, Supply Depot  
  94  10:45  Marine  
  94  10:46  Marine x3, Supply Depot  
  102  10:51  Marauder  
  102  10:55  Hellion  
  106  11:03  Marine x2  
  106  11:04  Marine x2  
  92  11:12  Marauder  
  92  11:16  Hellion  
  92  11:30  Marine x4  
  92  11:33  Marauder  
  92  11:36  Medivac  
  92  11:38  Hellion  
  98  11:48  Marine x4  
  98  11:53  Factory  
  102  11:54  Marine  
  102  11:59  Hellion, Refinery  
  105  12:01  Refinery  
  105  12:06  Marine x2  
  107  12:13  Marauder  
Tags
 
Composition
MMM Bio
League
Platinum
Matchup
TvZ
Opening
Pool First
Spawn Locations
Cross Positions
Add a new tag
Caveats
  • Supply blocks, unpowered buildings, or Contaminate may cause inaccurate times.
  • Supply counts are checked every 10 seconds.